 Dungeon Crawl Stone Soup version 0.31-a0-845-g9abc20d24f (webtiles) character file.

Game seed: 11136957411930602808

44 Kurtz the Chopper (level 3, -5/26 HPs)
             Began as an Octopode Fighter on Oct 2, 2023.
             Was an Initiate of Gozag.
             Slain by Grinder (10 damage)
             ... on level 3 of the Dungeon.
             The game lasted 00:00:51 (1264 turns).

Kurtz the Chopper (Octopode Fighter)                Turns: 1264, Time: 00:00:52

Health: -5/26      AC:  1    Str: 17    XL:     3   Next: 62%
Magic:  3/3        EV: 13    Int: 10    God:    Gozag
Gold:   119        SH:  4    Dex: 11    Spells: 2/2 levels left

rFire   . . .        a - +0 war axe
rCold   . . .        b - +0 buckler
rNeg    . . .        (helmet restricted)
rPois   .            (no amulet)
rElec   .            (no ring)
rCorr   .            (no ring)
SInv    .            (no ring)
Will    .....        (no ring)
Stlth   ++           (no ring)
HPRegen 0.24/turn    (no ring)
MPRegen 0.08/turn    (no ring)
                     (no ring)

%: no passive effects
@: mighty, lethally poisoned (-5 -> -6)
A: almost no armour, amphibious, 8 rings, camouflage 1, gelatinous body 1,
(nimble swimmer 1), tentacles
a: Renounce Religion, Potion Petition, Call Merchant, Bribe Branch


You were on level 3 of the Dungeon.
You worshipped Gozag.
Gozag was aware of your devotion.
You visited 1 branch of the dungeon, and saw 3 of its levels.

You collected 119 gold pieces.

Inventory:

Hand Weapons
 a - a +0 war axe (weapon)
Armour
 b - a +0 buckler (worn)
Potions
 d - a potion of berserk rage {unknown}
 e - a potion of brilliance {unknown}
 f - a potion of ambrosia {unknown}
 g - a potion of magic {unknown}


   Skills:
 - Level 3.0 Fighting
 * Level 3.9 Axes
 - Level 3.0 Dodging
 - Level 3.0 Shields


You had 2 spell levels left.
You didn't know any spells.
Your spell library was empty.

Dungeon Overview and Level Annotations

Branches:
Dungeon (3/15)

Altars:
Gozag

Annotations:
D:2 1 runed translucent door, Crazy Yiuf, Robin
D:3 Grinder


Innate Abilities, Weirdness & Mutations

You cannot wear most types of armour.
You are amphibious.
You can wear up to eight rings at the same time.
Your skin changes colour to match your surroundings (Stealth+).
Your rubbery body absorbs attacks. (AC +1, EV +1)
((You are camouflaged when in or above water. (Stealth+)))
You have tentacles for arms and can constrict up to eight enemies at once.


Message History

The adder hisses angrily.
Grinder comes into view.
Found a scroll labelled BYJEOH YBAWU.
You hit the endoplasm but do no damage. You squeeze the endoplasm.
You kill the endoplasm!
You slash the adder! You grab the adder.
The adder is severely wounded.
You constrict the adder. The adder bites you but does no damage.
Grinder gestures at you.
You suddenly lose the ability to move!
You lose your grip on the adder.
The adder bites you.
You are poisoned.
The adder poisons you! The adder barely misses you.
You feel sick. The adder bites you.
You can move again.
You feel sick.
Unknown command.
You barely miss the adder. Your grab misses the adder.
The adder is almost dead.
You feel sick.
You are no longer poisoned.
The adder bites you.
You are poisoned.
The adder poisons you! The adder barely misses you.
You slash the adder!
You kill the adder!
You feel sick.
Unknown command.
You feel very mighty all of a sudden.
You feel sick. Grinder gestures at you. Pain shoots through your body!
* * * LOW HITPOINT WARNING * * *
You slash Grinder! You grab Grinder. Your squeeze misses Grinder.
Grinder is lightly wounded.
You constrict Grinder, but do no damage.
You feel sick. Grinder hits you!
You die...
Grinder says, "Now the real fun starts!"
Your body crumbles into a pile of gold.

### ..# #.# ##
#### #.# ..
##..$###.# ####.#
.......#.# #<..#
.........####.##.#
.......#......#
......$5@######
........[#
.........#
.........#
?.......##
.........
......##. ..#... .


You could see Grinder.

Vanquished Creatures
  2 adders
  A ball python (D:1)
  A bat (D:1)
  3 endoplasms
  A giant cockroach (D:1)
  4 goblins (D:2)
  3 hobgoblins
  3 jackals (D:2)
  3 kobolds
  3 rats
24 creatures vanquished.

Notes
Turn   | Place    | Note
-------+----------+-------------------------------------------
     0 | D:1      | Kurtz the Octopode Fighter began the quest for the Orb.
     0 | D:1      | Reached XP level 1. HP: 16/16 MP: 1/1
   375 | D:1      | Reached XP level 2. HP: 20/21 MP: 2/2
   442 | D:1      | Found a faded altar of an unknown god.
   776 | D:1      | Prayed at the altar of an unknown god.
   776 | D:1      | Became a worshipper of Gozag Ym Sagoz the Greedy
   941 | D:2      | Reached XP level 3. HP: 8/26 MP: 3/3
  1095 | D:2      | Found a runed translucent door.
  1096 | D:2      | Noticed Crazy Yiuf
  1186 | D:2      | Noticed Robin
  1255 | D:3      | Noticed Grinder
  1257 | D:3      | Paralysed by Grinder for 3 turns
  1264 | D:3      | Slain by Grinder

Illustrated notes

Levels and vault maps discovered:
D:1:      amcnicky_arrival_gap_in_the_tavern_cellar, layout_basic,
          dreamdust_ecumenical_altar_statues
D:2:      layout_loops_cross, serial_forest, infiniplex_forest_clump_curved,
          infiniplex_forest_lined_corner, infiniplex_forest_lined_room_2,
          infiniplex_forest_straight_4, infiniplex_forest_lined_3,
          infiniplex_forest_lined_corner, infiniplex_forest_corner_1,
          infiniplex_forest_end_1, infiniplex_forest_clump_diagonal,
          infiniplex_forest_lined_ring, uniq_crazy_yiuf_cottage, uniq_robin
D:3:      layout_loops_ring, uniq_grinder

Skill      XL: |  1  2 |
---------------+-------+-----
Axes           | 3 |  3.9
Fighting       | |  3.0
Dodging        | |  3.0
Shields        | |  3.0

Action                     || total
---------------------------++-------
  Melee: War axe           ||    42
         Constrict         ||    13
         Tentacles         ||     6
    Use: Potion            ||     1
   Stab: Sleeping          ||     3
 Armour: Skin              ||    21
  Dodge: Dodged            ||    38
  Block: Buckler           ||     8

Table legend: (Time is in decaauts)
 A = Elapsed time spent in this place.
 B = Non-inter-level travel time spent in this place.
 C = Inter-level travel time spent in this place.
 D = Time resting spent in this place.
 E = Time spent auto-exploring this place.
 F = Levels seen in this place.
 G = Mean time per level.
                   A        B        C        D        E       F      G
               +--------+--------+--------+--------+--------+-----+--------+
         Total |   1279 |   1195 |     84 |    123 |    886 |   3 |  426.3 |
       Dungeon |   1279 |   1195 |     84 |    123 |    886 |   3 |  426.3 |
               +--------+--------+--------+--------+--------+-----+--------+

Top non-repeatable levels by time:
     D:1: 787 daAuts
     D:2: 448 daAuts
     D:3: 43 daAuts
